 Dungeon Crawl Stone Soup version 0.29-a0-334-gb41bcbb86e (webtiles) character file.

Game seed: 1569645550265284873

3496 Dauddaud the Spear-Bearer (level 9, -2/79 HPs)
             Began as a Minotaur Berserker on Apr 14, 2022.
             Was a Believer of Trog.
             Slain by a gnoll
             ... wielding a +0 halberd
              (5 damage)
             ... on level 8 of the Dungeon.
             The game lasted 00:29:32 (8661 turns).

Dauddaud the Spear-Bearer (Minotaur Berserker)      Turns: 8661, Time: 00:29:33

Health: -2/79      AC: 15    Str: 25    XL:     9   Next: 80%
Magic:  8/8        EV:  8    Int:  4    God:    Trog [**....]
Gold:   514        SH:  4    Dex: 11    Spells: 8/8 levels left

rFire   . . .      SeeInvis +   s - +6 spear (venom)
rCold   . . .      Faith    .   w - +1 buckler
rNeg    . . .      Spirit   .   b - +0 chain mail
rPois   .          Reflect  .   (helmet restricted)
rElec   .          Harm     .   H - +2 cloak {Stlth+}
rCorr   +          Rampage  .   l - +0 pair of gloves
Will    ++...                   (no boots)
Stlth   ..........              (no amulet)
HPRegen 1.23/turn               d - ring of see invisible
MPRegen 0.11/turn               i - ring of resist corrosion

@: strong-willed (expiring), regenerating (expiring), studying Maces & Flails
A: horns 2, retaliatory headbutt
a: Renounce Religion, Berserk, Trog's Hand


You were on level 8 of the Dungeon.
You worshipped Trog.
Trog was pleased with you.
You visited 1 branch of the dungeon, and saw 8 of its levels.

You collected 514 gold pieces.

Inventory:

Hand Weapons
 k - a +0 halberd
 s - a +6 spear of venom (weapon)
 E - a +0 battleaxe
 L - a +5 halberd
 M - a +3 battleaxe of freezing
Missiles
 z - 3 throwing nets
 I - 5 poisoned darts (quivered)
Armour
 b - a +0 chain mail (worn)
 e - +0 swamp dragon scales
 g - a +0 scale mail
 j - a +0 cloak
 l - a +0 pair of gloves (worn)
 w - a +1 buckler (worn)
 x - a +1 scale mail
 H - a +2 cloak of stealth (worn)
Jewellery
 a - a +6 ring of intelligence
 d - a ring of see invisible (left hand)
 i - a ring of resist corrosion (right hand)
 o - a +6 ring of strength
 A - an amulet of the acrobat
Wands
 m - a wand of flame (13)
 v - a wand of paralysis (2)
 y - a wand of mindburst (6)
 F - a wand of digging (7)
Scrolls
 c - 6 scrolls of teleportation
 f - 3 scrolls of enchant weapon {unknown}
 q - a scroll of fog
 r - a scroll of immolation
 t - 2 scrolls of enchant armour {unknown}
 u - 3 scrolls of noise
 K - 3 scrolls of summoning {unknown}
 N - a scroll of blinking {unknown}
 O - 2 scrolls of magic mapping {unknown}
Potions
 h - 2 potions of brilliance {unknown}
 n - 2 potions of flight {unknown}
 B - a potion of berserk rage {unknown}
 C - 4 potions of degeneration
 D - a potion of might {unknown}
 G - 2 potions of heal wounds {unknown}
 J - 2 potions of magic {unknown}
 P - a potion of resistance {unknown}
 Q - a potion of experience {unknown}


   Skills:
 * Level 7.2 Fighting
 + Level 4.7(9.8) Axes
 - Level 13.2(13.5) Polearms
 + Level 7.6 Armour
 - Level 2.1 Dodging


You had 8 spell levels left.
You didn't know any spells.
Your spell library was empty.

Dungeon Overview and Level Annotations

Branches:
Dungeon (8/15)             Temple (0/1) D:7
   Lair: D:8-11

Altars:
Cheibriados
Dithmenos
Elyvilon
Gozag
Nemelex Xobeh
Okawaru
Ru
Sif Muna
Trog
Uskayaw
Wu Jian
Xom
Zin

Annotations:
D:8 Maggie


Innate Abilities, Weirdness & Mutations

You have a pair of horns on your head.
You reflexively headbutt those who attack you in melee.


Message History

You block the gnoll's attack. x2
Maggie says, "How do the people who live here stand the isolation?"
Maggie hits you but does no damage.
The gnoll hits you from afar with a +0 halberd.
You puncture Maggie! You headbutt Maggie!
Maggie is moderately wounded.
You completely miss Maggie. You headbutt Maggie!
Maggie is moderately wounded.
The gnoll hits you from afar with a +0 spear.
The gnoll hits you from afar with a +0 halberd!
Maggie hits you with a +2 broad axe of flaming.
Maggie burns you. You block the gnoll's attack.
You hit Maggie.
Maggie is poisoned.
Maggie is heavily wounded.
Okay, then.
You barely miss Maggie.
Maggie is heavily wounded.
The gnoll hits you but does no damage. You block the gnoll's attack.
Maggie hits you with a +2 broad axe of flaming!
Maggie burns you.
* * * LOW HITPOINT WARNING * * *
The gnoll hits you from afar with a +0 halberd!
* * * LOW HITPOINT WARNING * * *
You feel better.
You break out of your daze.
The gnoll hits you with a +0 club.
* * * LOW HITPOINT WARNING * * *
Maggie hits you with a +2 broad axe of flaming!
* * * LOW HITPOINT WARNING * * *
Maggie burns you.
* * * LOW HITPOINT WARNING * * *
The gnoll hits you but does no damage. x2
Maggie attacks as you move away! Maggie hits you but does no damage.
You feel the effects of Trog's Hand fading.
Okay, then.
As you read the scroll of fog, it crumbles to dust.
The scroll dissolves into smoke.
The gnoll hits you with a +0 club.
* * * LOW HITPOINT WARNING * * *
The gnoll hits you from afar with a +0 halberd.
You die...

≈...... .# §≈≈....
.# ≈≈≈§... .#
≈≈≈≈≈..#.#
§≈≈§§§...#
§≈≈§≈§.g.#
§≈≈§§§§g)#
§≈≈≈≈§§g##
..≈≈≈≈§§@#
#.§§≈≈§§§#
#.§≈§§§§§#
.§≈≈§≈§..#
.≈§≈≈≈≈.##
≈!..##...§≈§≈≈≈..#
≈≈≈....§≈≈≈§≈≈...#
≈≈≈≈§≈≈≈≈§§§≈≈...#
≈≈≈≈≈≈≈≈≈≈§≈§..#.#


You could see 2 gnolls.

Vanquished Creatures
  Joseph (D:8)
  The ghost of Murumi the Chopper, an amateur HOFi (D:3)
  Grinder (D:4)
  Prince Ribbit (D:6)
  2 ice beasts
  An orc warrior (D:7)
  3 sky beasts
  A black bear (D:6)
  An ogre (D:5)
  2 gnoll sergeants
  Blork the orc (D:5)
  2 bullfrogs
  2 necrophages
  A scorpion (D:5)
  8 wights
  A howler monkey (D:6)
  4 hounds
  A jelly (D:7)
  2 gnoll shamans
  2 orc priests
  Crazy Yiuf (D:4)
  Ijyb (D:3)
  4 iguanas
  Natasha (thrice) (D:2)
  2 orc wizards (D:4)
  Robin (D:2)
  14 gnolls
  8 adders
  A white imp (D:5)
  2 worms
  3 dart slugs
  15 orcs
  4 bats
  8 endoplasms
  2 giant cockroaches
  13 goblins
  13 hobgoblins
  6 jackals (D:1)
  11 kobolds
  4 quokkas
  7 ball pythons
  4 frilled lizards
  11 rats
176 creatures vanquished.

Vanquished Creatures (others)
  8 plants
8 creatures vanquished.

Grand Total: 184 creatures vanquished

Notes
Turn   | Place    | Note
-------+----------+-------------------------------------------
     0 | D:1      | Dauddaud the Minotaur Berserker began the quest for the
                  | Orb.
     0 | D:1      | Reached XP level 1. HP: 19/19 MP: 0/0
   291 | D:1      | Reached XP level 2. HP: 25/26 MP: 1/1
   462 | D:1      | Reached skill level 1 in Polearms
   757 | D:1      | Reached ** piety under Trog
   758 | D:1      | Reached XP level 3. HP: 24/31 MP: 2/2
  1263 | D:2      | Reached skill level 2 in Polearms
  1406 | D:2      | Noticed Natasha
  1418 | D:2      | Killed Natasha
  1419 | D:2      | Reached skill level 3 in Polearms
  1419 | D:2      | Reached XP level 4. HP: 35/39 MP: 3/3
  1636 | D:2      | Noticed Natasha
  1644 | D:2      | Killed Natasha
  1645 | D:2      | Reached skill level 4 in Polearms
  1704 | D:2      | Noticed Natasha
  1710 | D:2      | Killed Natasha
  1711 | D:2      | Reached XP level 5. HP: 26/45 MP: 4/4
  1848 | D:2      | Reached skill level 5 in Polearms
  2078 | D:2      | Noticed Robin
  2096 | D:2      | Killed Robin
  2493 | D:3      | Found a transporter.
  2493 | D:3      | Found a transporter.
  2558 | D:3      | Reached *** piety under Trog
  2566 | D:3      | Noticed a sky beast
  2576 | D:3      | Killed a sky beast
  2577 | D:3      | Reached skill level 6 in Polearms
  2577 | D:3      | Reached XP level 6. HP: 51/51 MP: 5/5
  2687 | D:3      | Noticed Ijyb
  2695 | D:3      | Paralysed by Ijyb for 3 turns
  2701 | D:3      | Killed Ijyb
  2728 | D:3      | You fall into a shaft and drop 2 floors!
  2728 | D:5      | Entered Level 5 of the Dungeon
  2783 | D:5      | Reached skill level 7 in Polearms
  3278 | D:4      | Reached skill level 8 in Polearms
  3633 | D:3      | Noticed Murumi's ghost (amateur HOFi)
  3951 | D:3      | Reached XP level 7. HP: 35/57 MP: 6/6
  4288 | D:3      | Reached skill level 9 in Polearms
  4482 | D:3      | Killed Murumi's ghost
  4483 | D:3      | Reached skill level 10 in Polearms
  4841 | D:4      | Noticed Grinder
  5278 | D:4      | Paralysed by Grinder for 3 turns
  5288 | D:4      | Killed Grinder
  5289 | D:4      | Reached skill level 11 in Polearms
  5289 | D:4      | Reached XP level 8. HP: 64/64 MP: 7/7
  5572 | D:4      | Found a runed translucent door.
  5573 | D:4      | Noticed Crazy Yiuf
  5604 | D:4      | Found a glowing silver altar of Zin.
  5806 | D:4      | Found an opulent altar of Gozag.
  6017 | D:4      | Killed Crazy Yiuf
  6173 | D:5      | Reached skill level 12 in Polearms
  6494 | D:5      | Noticed Blork the orc
  6500 | D:5      | Killed Blork the orc
  7025 | D:6      | Reached skill level 13 in Polearms
  7465 | D:6      | Noticed Prince Ribbit
  7471 | D:6      | Killed Prince Ribbit
  7472 | D:6      | Reached XP level 9. HP: 72/72 MP: 8/8
  7717 | D:7      | Identified the +9 short sword "Xehol" {spect, Will+ Str+3
                  | Int+3}
  7760 | D:7      | Found a sacrificial altar of Ru.
  7772 | D:7      | Reached skill level 5 in Fighting
  7851 | D:7      | Reached skill level 5 in Armour
  8125 | D:7      | Found a white marble altar of Elyvilon.
  8126 | D:7      | Found a sparkling altar of Nemelex Xobeh.
  8134 | D:7      | Found a shimmering altar of Xom.
  8135 | D:7      | Found an ornate altar of the Wu Jian Council.
  8137 | D:7      | Found an iron altar of Okawaru.
  8137 | D:7      | Found a bloodstained altar of Trog.
  8138 | D:7      | Found a hide-covered altar of Uskayaw.
  8140 | D:7      | Found a shimmering blue altar of Sif Muna.
  8144 | D:7      | Found a shadowy altar of Dithmenos.
  8170 | D:7      | Found an ornate altar of the Wu Jian Council.
  8210 | D:7      | Found a staircase to the Ecumenical Temple.
  8293 | D:7      | Found a snail-covered altar of Cheibriados.
  8557 | D:8      | Noticed Joseph
  8574 | D:8      | Killed Joseph
  8640 | D:8      | Noticed Maggie
  8659 | D:8      | HP: 3/79 [Maggie/+2 broad axe of flaming (4)]
  8661 | D:8      | Slain by a gnoll

Illustrated notes

Levels and vault maps discovered:
D:1:      saegor_arrival_miasma, layout_basic, columned_hall_lemuel,
          minmay_misc_feat_rows, serial_bayou_pond_a, minmay_shallow_snake_nest
D:2:      layout_basic, uniq_natasha, uniq_robin
D:3:      layout_loops_ring, gammafunk_ghost_gnarly_gnolls, uniq_ijyb
D:4:      layout_cave_pools, pdpol_temple_overflow_zin_treasury_gozag_greed,
          uniq_grinder, uniq_crazy_yiuf_cottage
D:5:      layout_basic, uniq_blork_the_orc
D:6:      layout_basic, hangedman_decor_opposing, uniq_prince_ribbit1
D:7:      layout_rooms, nicolae_overflow_hallway_of_the_gods,
          cheibrodos_worm_habitat, minmay_temple_entry_offerings,
          hangedman_feature_mirror, nicolae_concentric_dashed_squares_wild
D:8:      layout_loops_corners, kennysheep_little_box, minmay_lair_entry_grove,
          gammafunk_ghost_berserking_beasts, serial_shops, shop,
          minmay_lindwurm_lava, uniq_maggie, uniq_pikel, uniq_joseph

Skill      XL: |  1  2  3  4  5  6  7  8  9 |
---------------+----------------------------+-----
Axes           | 4 |  4.7
Polearms       | 1 3 4 6 8 11 13 | 13.2
Fighting       | 4 7 |  7.2
Armour         | 3 7 |  7.6
Dodging        | |  2.1

Action                   |  1- 3 |  4- 6 |  7- 9 || total
-------------------------+-------+-------+-------++-------
Melee: Hand axe          |    22 |       |       ||    22
       Headbutt          |    13 |    16 |    41 ||    70
       Halberd           |    51 |   134 |    35 ||   220
       Spear             |       |       |   205 ||   205
Throw: Dart              |       |       |     2 ||     2
       Throwing net      |       |       |     1 ||     1
Invok: Berserk           |     2 |     3 |     8 ||    13
       Trog's Hand       |       |     3 |     6 ||     9
  Use: Scroll            |       |     3 |     6 ||     9
       Potion            |       |     1 |     2 ||     3
Armor: Scale mail        |    37 |    65 |       ||   102
       Animal skin       |     2 |       |       ||     2
       Chain mail        |       |     6 |   110 ||   116
       Skin              |       |       |     4 ||     4
Dodge: Dodged            |    45 |    74 |    64 ||   183
Block: Buckler           |       |       |    31 ||    31

Table legend: (Time is in decaauts)
 A = Elapsed time spent in this place.
 B = Non-inter-level travel time spent in this place.
 C = Inter-level travel time spent in this place.
 D = Time resting spent in this place.
 E = Time spent auto-exploring this place.
 F = Levels seen in this place.
 G = Mean time per level.
                   A        B        C        D        E       F      G
               +--------+--------+--------+--------+--------+-----+--------+
         Total |   8759 |   8538 |    221 |   2365 |   4490 |   8 | 1094.9 |
       Dungeon |   8759 |   8538 |    221 |   2365 |   4490 |   8 | 1094.9 |
               +--------+--------+--------+--------+--------+-----+--------+

Top non-repeatable levels by time:
     D:3: 2263 daAuts
     D:5: 1411 daAuts
     D:2: 1356 daAuts
     D:1: 1206 daAuts
     D:4: 801 daAuts
     D:7: 763 daAuts
     D:6: 761 daAuts
     D:8: 194 daAuts
